[Event "World Chess Olympiad 2018"]
[Site "Batumi"]
[Date "2018.10.02"]
[Round "8.2"]
[White "Bullen, Alex"]
[Black "Wong, Brian"]
[Result "1-0"]
[ECO "A46"]
[WhiteElo "1914"]
[BlackElo "2024"]
[PlyCount "117"]
[EventDate "2018.??.??"]
[TimeControl "6000+825"]
[WhiteClock "0:03:11"]
[BlackClock "0:03:36"]

1. d4 Nf6 2. Nf3 e6 3. Bf4 c5 4. e3 cxd4 5. exd4 d5 6. c3 Nc6 7. Nbd2 Bd6 8.
Bg3 O-O 9. Bd3 Qc7 10. O-O Bxg3 11. hxg3 Bd7 12. Re1 a6 13. Ne5 b5 14. g4 h6
15. g5 hxg5 16. Re3 b4 17. Nxd7 Qxd7 18. Nf3 bxc3 19. bxc3 Rfb8 20. Nxg5 Rb2
21. Nh7 Nxh7 22. Bxh7+ Kf8 23. Bd3 Qc7 24. Qh5 Nd8 25. Qh8+ Ke7 26. Qxg7 Qxc3
27. Qg5+ Kf8 28. Qh6+ Ke7 29. Qh4+ Kd6 30. Qf4+ Ke7 31. Rg3 Rd2 32. Qg5+ Kd6
33. Qe5+ Ke7 34. Qg5+ Kd6 35. Qf4+ Ke7 36. Bf1 Qc2 37. Rg8 Rc8 38. Qg5+ f6 39.
Qf4 Rd1 40. Rxd1 Qxd1 41. Qg3 Qxd4 42. Rg7+ Nf7 43. Qg6 Rf8 44. Qb1 f5 45. Rh7
a5 46. Be2 Kf6 47. Bh5 Ng5 48. Rh6+ Ke5 49. Qc1 Rg8 50. Qc7+ Ke4 51. Qc2+ Qd3
52. Qa4+ Qc4 53. Qa3 Qd3 54. Qa4+ Qc4 55. Qa3 Ke5 56. Qe3+ Ne4 57. f4+ Kd6 58.
Qb6+ Qc6 59. Rxe6+ 1-0

[Event "World Chess Olympiad 2018"]
[Site "Batumi"]
[Date "2018.09.30"]
[Round "6.3"]
[White "Bullen, Alex"]
[Black "Ochsner, Bjorn Moller"]
[Result "0-1"]
[ECO "A46"]
[WhiteElo "1914"]
[BlackElo "2462"]
[PlyCount "96"]
[EventDate "2018.??.??"]
[TimeControl "6000+835"]
[WhiteClock "0:24:28"]
[BlackClock "0:11:13"]

1. d4 Nf6 2. Nf3 d5 3. c4 e6 4. g3 Bb4+ 5. Bd2 Be7 6. Bg2 O-O 7. O-O Nbd7 8.
Qc2 Ne4 9. Nc3 Nxd2 10. Nxd2 c6 11. e4 dxc4 12. Nxc4 Nb6 13. Nxb6 Qxb6 14. Rad1
e5 15. d5 Bg4 16. Rd3 Rad8 17. Bf3 Bc8 18. Rfd1 Rd6 19. Qe2 Rfd8 20. b3 Bd7 21.
Bg4 Be8 22. Kg2 Qb4 23. Qb2 b5 24. a3 Qc5 25. b4 Qb6 26. Be2 c5 27. bxc5 Qxc5
28. Rc1 Bg5 29. Rc2 Qb6 30. Na2 f5 31. Bf3 Bf6 32. Qb3 g6 33. Rdc3 fxe4 34.
Bxe4 Qd4 35. Qb4 a5 36. Qxd4 exd4 37. Rc5 Rb6 38. Rc8 Rb8 39. R8c7 b4 40. axb4
axb4 41. Rb2 b3 42. Nc1 d3 43. Rxb3 d2 44. Rd3 dxc1=Q 45. Rxc1 Rb4 46. Kf3 Bb5
47. Rdd1 Rf8 48. Ke3 Re8 0-1

[Event "World Chess Olympiad 2018"]
[Site "Batumi"]
[Date "2018.09.28"]
[Round "5.2"]
[White "Ayyad, Maher"]
[Black "Bullen, Alex"]
[Result "1/2-1/2"]
[ECO "D02"]
[WhiteElo "2106"]
[BlackElo "1914"]
[PlyCount "89"]
[EventDate "2018.??.??"]
[TimeControl "6000+1230"]
[WhiteClock "0:23:44"]
[BlackClock "0:37:45"]

1. d4 d5 2. Nf3 Nf6 3. Bf4 c5 4. e3 Nc6 5. c3 Qb6 6. Qb3 c4 7. Qc2 Bf5 8. Qc1
Nh5 9. Bg3 f6 10. Be2 e5 11. Bh4 g6 12. Nfd2 Ng7 13. e4 Bxe4 14. Nxe4 dxe4 15.
Bxf6 exd4 16. cxd4 Nxd4 17. Bxd4 Qxd4 18. O-O Bc5 19. Qxc4 O-O-O 20. Nc3 e3 21.
Qxd4 Bxd4 22. fxe3 Bxe3+ 23. Kh1 Rhf8 24. Bf3 Kb8 25. Rae1 Rde8 26. Ne4 Bf4 27.
Nc5 Rxe1 28. Rxe1 Rc8 29. b4 Nf5 30. Nxb7 Bd2 31. Rb1 Nd4 32. Nc5 Nxf3 33. gxf3
Re8 34. Ne4 Bf4 35. Rd1 Rc8 36. Nc5 Re8 37. a4 h6 38. Rd7 Re1+ 39. Kg2 Be3 40.
Rb7+ Ka8 41. Rg7 a5 42. Rg8+ Ka7 43. Rg7+ Ka8 44. Rg8+ Ka7 45. Rg7+ 1/2-1/2

[Event "World Chess Olympiad 2018"]
[Site "Batumi"]
[Date "2018.09.27"]
[Round "4.3"]
[White "Al Thebaiti, Ahmed M"]
[Black "Bullen, Alex"]
[Result "0-1"]
[ECO "D00"]
[WhiteElo "1988"]
[BlackElo "1914"]
[PlyCount "97"]
[EventDate "2018.??.??"]
[TimeControl "6000+835"]
[WhiteClock "0:25:59"]
[BlackClock "0:51:36"]

1. d4 d5 2. Bf4 Nf6 3. e3 c5 4. c3 Nc6 5. Nd2 Bf5 6. Ngf3 Qb6 7. Qc1 h6 8. h3
e6 9. Be2 Be7 10. O-O O-O 11. dxc5 Bxc5 12. Nb3 Be7 13. Nbd4 Bh7 14. Nxc6 bxc6
15. Ne5 Rfd8 16. Bd3 Bxd3 17. Nxd3 c5 18. Re1 Rac8 19. c4 Qa6 20. Qc2 Nd7 21.
cxd5 exd5 22. Red1 Bf6 23. Rd2 Nb6 24. Rdd1 Re8 25. a3 Qb5 26. Ra2 d4 27. a4
Qd7 28. Nxc5 Qd5 29. b4 a5 30. Qb3 Rxc5 31. Qxd5 Rxd5 32. bxa5 Rxa5 33. Bc7
Rxa4 34. Rxa4 Nxa4 35. exd4 Nc3 36. Rd3 Ne2+ 37. Kf1 Nxd4 38. Bb6 Ne6 39. g3
Rb8 40. Be3 Rb1+ 41. Kg2 Rb2 42. Rd5 Bg5 43. Ba7 Rb7 44. Ra5 Bf6 45. Ra4 Rd7
46. Be3 Bd4 47. Bc1 Bc5 48. Rc4 Rd5 49. Kf3 0-1

[Event "World Chess Olympiad 2018"]
[Site "Batumi"]
[Date "2018.09.26"]
[Round "3.3"]
[White "Bullen, Alex"]
[Black "Ker, Anthony F"]
[Result "1/2-1/2"]
[ECO "A46"]
[WhiteElo "1914"]
[BlackElo "2315"]
[PlyCount "82"]
[EventDate "2018.??.??"]
[TimeControl "6000+865"]
[WhiteClock "0:38:51"]
[BlackClock "0:43:10"]

1. d4 Nf6 2. Nf3 e6 3. Bf4 c5 4. e3 b6 5. c3 Bb7 6. Nbd2 Be7 7. h3 O-O 8. Bd3
cxd4 9. exd4 d6 10. Qe2 Nbd7 11. O-O Re8 12. Ba6 Qc8 13. Bxb7 Qxb7 14. Rfe1 b5
15. Ne4 Nxe4 16. Qxe4 Qxe4 17. Rxe4 Nb6 18. Ne1 Rec8 19. Nd3 Rc4 20. Re2 Nd5
21. Bd2 b4 22. Nxb4 Nxb4 23. cxb4 Rc2 24. Kf1 Rxb2 25. Bc3 Rxe2 26. Kxe2 Rc8
27. Kd3 Kf8 28. Rc1 d5 29. a3 Ke8 30. Bb2 Rxc1 31. Bxc1 a6 32. Kc3 Kd7 33. a4
Kc6 34. Bd2 g5 35. g4 f6 36. Kd3 e5 37. f3 Bd8 38. Bc3 Bc7 39. Bb2 Bd6 40. Bc3
h6 41. Ke3 Bc7 1/2-1/2

[Event "Wolrd Chess Olympiad 2018"]
[Site "Batumi"]
[Date "2018.09.25"]
[Round "2.2"]
[White "Bullen, Alex"]
[Black "Nxumalo, Vuyo"]
[Result "1-0"]
[ECO "A48"]
[WhiteElo "1914"]
[BlackElo "1525"]
[PlyCount "187"]
[EventDate "2018.??.??"]
[TimeControl "6000+800"]
[WhiteClock "0:03:53"]
[BlackClock "0:03:29"]

1. d4 Nf6 2. Nf3 g6 3. Nbd2 d5 4. b4 Bg7 5. e3 c6 6. c4 a5 7. b5 cxb5 8. cxb5
b6 9. a4 O-O 10. Ba3 Bb7 11. Be2 Nbd7 12. O-O Re8 13. Rc1 Nf8 14. Ne5 Ne6 15.
Ndf3 Ne4 16. Nc6 Bxc6 17. bxc6 Nc7 18. Qb3 Rb8 19. Rc2 e6 20. Ne5 Bxe5 21. dxe5
f5 22. f3 Nc5 23. Bxc5 bxc5 24. Qc3 c4 25. Qxa5 Ra8 26. Qb4 Qe7 27. Qd6 Kf7 28.
Rb2 Red8 29. Qxe7+ Kxe7 30. Rb7 Rdc8 31. Bd1 Ra6 32. Bc2 Rxc6 33. Rfb1 Ra6 34.
f4 Kd7 35. Kf2 Rca8 36. Ke2 R6a7 37. Rxa7 Rxa7 38. Kd2 Kc6 39. Kc3 Na6 40. a5
Rb7 41. Ba4+ Kc7 42. Rxb7+ Kxb7 43. Kd4 Kc7 44. g4 Nb4 45. gxf5 gxf5 46. Kc5
Nd3+ 47. Kd4 Nf2 48. a6 Ne4 49. Bc2 Nd2 50. h3 Kb6 51. Ba4 Ne4 52. Be8 c3 53.
Kd3 Kxa6 54. Kc2 Kb6 55. Bf7 Nc5 56. Kxc3 Kc6 57. Kd4 Nb3+ 58. Kc3 Nc5 59. Be8+
Nd7 60. Kd4 Kc7 61. Bf7 Nf8 62. Kc5 Kd7 63. Bh5 Ke7 64. Kc6 h6 65. Be2 Ng6 66.
Kc5 Nh4 67. Bh5 Ng2 68. Kd4 Kf8 69. Kd3 Kg7 70. Be8 Kf8 71. Bh5 Kg7 72. Ke2 Nh4
73. Kf2 Ng6 74. Kg3 Kh7 75. Be2 Nf8 76. Bb5 Kg7 77. Kh4 Ng6+ 78. Kh5 Nf8 79.
Be8 Kh7 80. Kh4 Kg7 81. Kg3 Kh7 82. h4 Kg7 83. h5 Nh7 84. Kf2 Kf8 85. Bg6 Kg7
86. Ke2 Nf8 87. Be8 Nh7 88. Kd3 Nf8 89. Kd4 Kg8 90. Kc5 Kg7 91. Kd6 Kg8 92. Ke7
Kg7 93. Bf7 Nh7 94. Bxe6 1-0

[Event "World Chess Olympiad 2018"]
[Site "Batumi"]
[Date "2018.09.24"]
[Round "1.3"]
[White "Bullen, Alex"]
[Black "Lopez Martinez, Josep Manuel"]
[Result "0-1"]
[ECO "A46"]
[WhiteElo "1914"]
[BlackElo "2581"]
[PlyCount "84"]
[EventDate "2018.??.??"]
[TimeControl "6000+765"]
[WhiteClock "0:29:55"]
[BlackClock "0:35:27"]

1. d4 Nf6 2. Nf3 e6 3. Bf4 b6 4. e3 Bb7 5. Nbd2 h6 6. h3 d6 7. c3 Nbd7 8. Bh2
Qe7 9. Qc2 g6 10. Bd3 Bg7 11. O-O O-O 12. Rfd1 e5 13. dxe5 dxe5 14. Bb5 a6 15.
Ba4 e4 16. Ne1 Ne5 17. Bb3 b5 18. a4 c5 19. axb5 axb5 20. c4 b4 21. Ba4 Rfd8
22. Bxe5 Qxe5 23. b3 h5 24. Nf1 Rxd1 25. Rxd1 h4 26. Rd2 Bf8 27. Qd1 Be7 28.
Nh2 Bc8 29. Nc2 Be6 30. f4 exf3 31. Nxf3 Qg3 32. Bc6 Ra2 33. Qb1 Ra6 34. Bb5
Ra7 35. Qe1 Ne4 36. Rd1 Nc3 37. Ra1 Rxa1 38. Qxa1 Bxh3 39. Nfe1 Bd6 40. Qa8+
Kg7 41. Kf1 Bg4 42. Nf3 h3 0-1

[Event "World Chess Olympiad 2018"]
[Site "Batumi"]
[Date "2018.10.05"]
[Round "11.4"]
[White "Pleasants, Allan J"]
[Black "Khader, Sami"]
[Result "1-0"]
[ECO "A46"]
[WhiteElo "2347"]
[BlackElo "2405"]
[PlyCount "89"]
[EventDate "2018.??.??"]
[TimeControl "6000+825"]
[WhiteClock "0:24:21"]
[BlackClock "1:45:17"]

1. d4 Nf6 2. Nf3 c5 3. e3 b6 4. Be2 Bb7 5. O-O d6 6. b3 Nbd7 7. Bb2 Qc7 8. c4
e5 9. Nc3 Be7 10. d5 O-O 11. Qc2 Ne8 12. Bd3 g6 13. e4 Ng7 14. Nd2 f5 15. f4
fxe4 16. Ndxe4 exf4 17. Nb5 Qb8 18. Qc3 Ne5 19. Nbxd6 Bxd6 20. Nxd6 Qxd6 21.
Rae1 Rae8 22. Rxe5 Rxe5 23. Qxe5 Qxe5 24. Bxe5 g5 25. h4 h6 26. hxg5 hxg5 27.
Kf2 Nf5 28. Rh1 Nh4 29. Re1 Nf5 30. Rh1 Nh4 31. Re1 Rf7 32. Bd6 Rd7 33. Be7 Kg7
34. Bxg5 Ng6 35. Re6 Nf8 36. Bh6+ Kf7 37. Bxf8 Kxf8 38. Rf6+ Ke7 39. Rxf4 Kd6
40. Ke3 Re7+ 41. Re4 Rg7 42. Re6+ Kc7 43. Be4 Bc8 44. Rh6 Bd7 45. d6+ 1-0

[Event "World Chess Olympiad 2018"]
[Site "Batumi"]
[Date "2018.10.04"]
[Round "10.4"]
[White "Pleasants, Allan J"]
[Black "Alothman, Salem"]
[Result "1-0"]
[ECO "A34"]
[WhiteElo "2347"]
[BlackElo "1690"]
[PlyCount "47"]
[EventDate "2018.??.??"]
[TimeControl "6000+1020"]
[WhiteClock "0:04:11"]
[BlackClock "0:08:44"]

1. c4 c5 2. Nc3 Nf6 3. g3 e6 4. Bg2 d5 5. cxd5 exd5 6. Qb3 c4 7. Qc2 Nc6 8. Nf3
Bc5 9. O-O O-O 10. d4 Nxd4 11. Nxd4 Bxd4 12. Bg5 Bxc3 13. bxc3 Be6 14. Rab1 b6
15. Rbd1 h6 16. Bc1 Qc7 17. Rd4 Rad8 18. f4 g6 19. f5 Bxf5 20. Rxf5 gxf5 21.
Qxf5 Ne4 22. Bxh6 Rd6 23. Bxe4 dxe4 24. Qe5 1-0

[Event "World Chess Olympiad 2018"]
[Site "Batumi"]
[Date "2018.10.02"]
[Round "8.3"]
[White "Ho In Hei, Henry"]
[Black "Pleasants, Allan J"]
[Result "1-0"]
[ECO "A04"]
[WhiteElo "1797"]
[BlackElo "2347"]
[PlyCount "101"]
[EventDate "2018.??.??"]
[TimeControl "6000+850"]
[WhiteClock "0:18:25"]
[BlackClock "0:12:00"]

1. Nf3 g6 2. b4 Bg7 3. d4 Nf6 4. e3 O-O 5. c4 d6 6. Bb2 c6 7. Be2 Nbd7 8. O-O
Ne4 9. Nbd2 Ndf6 10. Qb3 Bg4 11. Bd3 Nxd2 12. Nxd2 a5 13. a4 axb4 14. f3 Be6
15. Qxb4 c5 16. Qa3 cxd4 17. Bxd4 Bd7 18. a5 Bc6 19. Rfd1 Nd7 20. Bxg7 Kxg7 21.
Be4 Qc7 22. Qb4 Rfc8 23. Rdc1 Nc5 24. Bd5 e6 25. Bxc6 Qxc6 26. Nb3 Nxb3 27.
Qxb3 Ra6 28. Kf2 Rc7 29. Qb2+ e5 30. c5 f6 31. cxd6 Qxd6 32. Rd1 Qe7 33. Qb5
Rac6 34. Rd2 Rc2 35. Rad1 Rxd2+ 36. Rxd2 Qf7 37. Qb6 Re7 38. e4 Rc7 39. h4 h5
40. Rd6 Re7 41. Kg3 Rc7 42. Rxf6 Qxf6 43. Qxc7+ Kh6 44. Qc1+ Kh7 45. Qd2 Qf8
46. Qd7+ Kh6 47. Qxb7 Qf4+ 48. Kh3 Qc1 49. Qb4 g5 50. Qd6+ Kh7 51. Qe7+ 1-0

[Event "World Chess Olympiad 2018"]
[Site "Batumi"]
[Date "2018.10.01"]
[Round "7.3"]
[White "Hj, Azahari Md Aliuddin"]
[Black "Pleasants, Allan J"]
[Result "1/2-1/2"]
[ECO "B06"]
[WhiteElo "1991"]
[BlackElo "2347"]
[PlyCount "85"]
[EventDate "2018.??.??"]
[TimeControl "6000+995"]
[WhiteClock "0:32:30"]
[BlackClock "0:25:18"]

1. e4 g6 2. d4 Bg7 3. Nc3 d6 4. Bg5 h6 5. Be3 Nf6 6. h3 Nc6 7. Qd2 e5 8. Nf3
exd4 9. Nxd4 Nxd4 10. Bxd4 O-O 11. O-O-O Re8 12. f3 a6 13. g4 b5 14. h4 Bb7 15.
Be3 d5 16. Nxd5 Nxd5 17. exd5 Qxd5 18. Qxd5 Bxd5 19. Rxd5 Rxe3 20. Bg2 Re2 21.
Rg1 Rae8 22. c3 b4 23. Bf1 Rf2 24. Bc4 bxc3 25. bxc3 Rxf3 26. Bxa6 Rxc3+ 27.
Kd2 Ra8 28. Bd3 Rxa2+ 29. Ke3 Ra8 30. h5 g5 31. Rd7 Be5 32. Rf1 Bf4+ 33. Kd4
Rca3 34. Bc4 Rf8 35. Ke4 Ra4 36. Kd4 Raa8 37. Re1 Rad8 38. Ree7 Rxd7+ 39. Rxd7
Bd6 40. Ke4 Re8+ 41. Kf5 Re7 42. Rxe7 Bxe7 43. Bd3 1/2-1/2

[Event "World Chess Olympiad 2018"]
[Site "Batumi"]
[Date "2018.09.30"]
[Round "6.4"]
[White "Bjerre, Jonas Buhl"]
[Black "Pleasants, Allan J"]
[Result "1-0"]
[ECO "B06"]
[WhiteElo "2423"]
[BlackElo "2347"]
[PlyCount "67"]
[EventDate "2018.??.??"]
[TimeControl "6000+1415"]
[WhiteClock "0:08:59"]
[BlackClock "0:01:15"]

1. e4 g6 2. d4 Bg7 3. Nc3 c6 4. f4 d5 5. e5 f6 6. Nf3 Nh6 7. Be3 Qb6 8. Na4
Qa5+ 9. c3 O-O 10. Bd3 Qc7 11. O-O Be6 12. Nc5 Bc8 13. h3 b6 14. Nb3 fxe5 15.
fxe5 Bf5 16. Nh4 e6 17. Be2 Qe7 18. Nf3 Nf7 19. g4 Be4 20. Nfd2 Qh4 21. Nxe4
dxe4 22. Kg2 Nd7 23. Qe1 Qe7 24. Nd2 c5 25. Nxe4 cxd4 26. cxd4 Ndxe5 27. dxe5
Nxe5 28. Kg1 Qb7 29. Nd2 Qd5 30. Rxf8+ Rxf8 31. Qg3 Rc8 32. Qg2 Qa5 33. Qe4 Rd8
34. Nb3 1-0

[Event "World Chess Olympiad 2018"]
[Site "Batumi"]
[Date "2018.09.28"]
[Round "5.3"]
[White "Pleasants, Allan J"]
[Black "Al-Ghasra, Ali"]
[Result "1/2-1/2"]
[ECO "A05"]
[WhiteElo "2347"]
[BlackElo "2096"]
[PlyCount "113"]
[EventDate "2018.??.??"]
[TimeControl "6000+1805"]
[WhiteClock "0:05:25"]
[BlackClock "0:07:18"]

1. Nf3 Nf6 2. g3 e6 3. Bg2 d5 4. c4 c6 5. O-O Be7 6. Qc2 O-O 7. d4 b6 8. b3 Bb7
9. Rd1 Nbd7 10. Nc3 Rc8 11. e4 dxe4 12. Nxe4 Nxe4 13. Qxe4 Nf6 14. Qe2 Qc7 15.
Bf4 Bd6 16. Ne5 Rfe8 17. c5 Bxe5 18. Bxe5 Qe7 19. Bd6 Qd7 20. Rac1 Nd5 21. Qh5
bxc5 22. dxc5 Ba6 23. Rd4 Ra8 24. Re1 Qd8 25. Rg4 Bd3 26. Qh6 Bg6 27. Qd2 Qc8
28. Ra4 Qb7 29. h4 h5 30. Bf3 f6 31. Kg2 e5 32. Rc4 Qf7 33. Ra4 Qb7 34. Rc4 Bf7
35. Ra4 Rad8 36. Qd3 g6 37. Be4 Kg7 38. Qa6 Rd7 39. Qxb7 Rxb7 40. Ra6 f5 41.
Bxd5 Bxd5+ 42. f3 e4 43. Kf2 Kf7 44. f4 Ra8 45. Re3 Ke6 46. Rc3 Kd7 47. Ke3 Rb4
48. Be5 Rb5 49. Kd2 Kc8 50. Kc2 Kb7 51. Ra4 a5 52. Kb2 Ra7 53. Bd6 Ka6 54. Rd4
Kb7 55. Ra4 Kc8 56. Re3 Kb7 57. Rc3 1/2-1/2

[Event "World Chess Olympiad 2018"]
[Site "Batumi"]
[Date "2018.09.27"]
[Round "4.4"]
[White "Pleasants, Allan J"]
[Black "Al Mutairi, Hassan S"]
[Result "0-1"]
[ECO "A04"]
[WhiteElo "2347"]
[BlackElo "1809"]
[PlyCount "110"]
[EventDate "2018.??.??"]
[TimeControl "6000+880"]
[WhiteClock "0:20:59"]
[BlackClock "0:28:45"]

1. Nf3 d6 2. d4 Nf6 3. g3 Nbd7 4. Bg2 e5 5. c4 Be7 6. Nc3 c6 7. Qc2 O-O 8. O-O
a6 9. Rd1 Qc7 10. a4 a5 11. b3 Re8 12. Bb2 Bf8 13. e3 g6 14. Rd2 Bg7 15. dxe5
dxe5 16. Ba3 Bf8 17. Bxf8 Nxf8 18. Ng5 Kg7 19. Rad1 h6 20. Nge4 Nxe4 21. Nxe4
Bg4 22. Nd6 Red8 23. f3 Be6 24. Qc3 f6 25. Bf1 Bf7 26. c5 Ne6 27. f4 exf4 28.
exf4 b6 29. Bc4 Bg8 30. f5 Nxc5 31. Bxg8 Rxg8 32. fxg6 Qd7 33. Qf3 Qe6 34. Re2
Qh3 35. Nf5+ Kh8 36. g7+ Kh7 37. Rd4 Rad8 38. Red2 Rde8 39. Qf1 Qxf1+ 40. Kxf1
Nxb3 41. R2d3 Nxd4 42. Rxd4 Re5 43. g4 Kg6 44. h4 Rxf5+ 45. gxf5+ Kxf5 46. Rd6
Rxg7 47. Rxc6 Rg4 48. Rxb6 Rxa4 49. h5 Ra2 50. Ra6 a4 51. Kg1 a3 52. Ra4 Kg5
53. Kh1 Kxh5 54. Kg1 f5 55. Kh1 Kg5 0-1

[Event "Wolrd Chess Olympiad 2018"]
[Site "Batumi"]
[Date "2018.09.25"]
[Round "2.3"]
[White "Mziyako, Sobhi"]
[Black "Pleasants, Allan J"]
[Result "0-1"]
[ECO "B08"]
[WhiteElo "1405"]
[BlackElo "2347"]
[PlyCount "48"]
[EventDate "2018.??.??"]
[TimeControl "6000+600"]
[WhiteClock "0:58:56"]
[BlackClock "0:34:54"]

1. e4 g6 2. d4 Bg7 3. Nf3 d6 4. Nc3 Nf6 5. h3 O-O 6. Be3 Nc6 7. Qd2 a6 8. Bd3
e5 9. Ne2 exd4 10. Nfxd4 Re8 11. Nxc6 bxc6 12. Ng3 Rb8 13. Rb1 d5 14. Bg5 dxe4
15. Bxf6 exd3+ 16. Kf1 Qxf6 17. cxd3 Rxb2 18. Rxb2 Qxb2 19. Qxb2 Bxb2 20. Ne2
Bf5 21. Ng3 Bxd3+ 22. Kg1 Re1+ 23. Kh2 Rxh1+ 24. Nxh1 c5 0-1

[Event "World Chess Olympiad 2018"]
[Site "Batumi"]
[Date "2018.09.24"]
[Round "1.4"]
[White "Ibarra Jerez, Jose Carlos"]
[Black "Pleasants, Allan J"]
[Result "1-0"]
[ECO "A04"]
[WhiteElo "2564"]
[BlackElo "2347"]
[PlyCount "81"]
[EventDate "2018.??.??"]
[TimeControl "6000+1275"]
[WhiteClock "0:34:49"]
[BlackClock "0:30:48"]

1. Nf3 g6 2. g3 Bg7 3. d4 Nf6 4. Bg2 O-O 5. O-O d6 6. b3 c5 7. Bb2 cxd4 8. Nxd4
d5 9. c4 dxc4 10. Na3 cxb3 11. axb3 Nbd7 12. Qc2 e5 13. Ndb5 a6 14. Nd6 Rb8 15.
Rac1 Qe7 16. Rfd1 b5 17. Bh3 Rd8 18. Nxc8 Rbxc8 19. Qxc8 Rxc8 20. Rxc8+ Nf8 21.
Nc2 a5 22. Ra1 Ne4 23. Bc1 Nd6 24. Rc6 Ne6 25. Rxa5 h5 26. Bxe6 Qxe6 27. Rxb5
Nxb5 28. Rxe6 fxe6 29. f3 e4 30. fxe4 Nc3 31. Kf2 Nxe4+ 32. Kf3 Nc3 33. Bb2 Kf7
34. Bxc3 Bxc3 35. Ke4 g5 36. h3 Ke7 37. Nd4 g4 38. hxg4 hxg4 39. Nc2 Bd2 40.
Ke5 Kd7 41. e3 1-0

[Event "World Chess Olympiad 2018"]
[Site "Batumi"]
[Date "2018.10.02"]
[Round "8.4"]
[White "Rayner, Francis"]
[Black "Lai, Robin"]
[Result "0-1"]
[ECO "B01"]
[WhiteElo "2347"]
[BlackElo "1863"]
[PlyCount "158"]
[EventDate "2018.??.??"]
[TimeControl "6000+1145"]
[WhiteClock "0:16:37"]
[BlackClock "0:01:35"]

1. e4 d5 2. exd5 Nf6 3. d4 Bg4 4. Be2 Bxe2 5. Qxe2 Qxd5 6. Nf3 e6 7. O-O Nc6 8.
Nc3 Qh5 9. Bf4 O-O-O 10. Rad1 Bb4 11. Nb5 Nd5 12. Bg5 a6 13. Bxd8 Rxd8 14. a3
Ba5 15. c4 Nf4 16. Qe3 Qg4 17. g3 Nh3+ 18. Kg2 axb5 19. b4 Bb6 20. c5 Ba7 21.
a4 Rd5 22. axb5 Rf5 23. bxc6 Nf4+ 24. Kh1 Nd5 25. Qa3 Qxf3+ 26. Qxf3 Rxf3 27.
Ra1 Bb8 28. b5 bxc6 29. bxc6 Nb4 30. Kg2 Rf6 31. Rfb1 Nxc6 32. Ra8 Rf5 33. Ra6
Nxd4 34. Rd1 Nb3 35. c6 Rc5 36. Rd7 Rxc6 37. Rxc6 Kxd7 38. Rc3 Nd4 39. Rc4 Ba7
40. Ra4 Bb6 41. Ra8 Nf5 42. Kf3 h6 43. g4 Nd4+ 44. Ke4 f5+ 45. gxf5 Nxf5 46. f3
Bc5 47. h3 Bd6 48. Ra2 Ke7 49. Ra8 Kf6 50. Re8 Be7 51. Ra8 c5 52. Ra6 Nd6+ 53.
Ke3 Nf7 54. Rc6 h5 55. f4 g6 56. Ke4 h4 57. Kf3 Nh6 58. Rc8 Nf5 59. Kg4 e5 60.
Rc6+ Bd6 61. fxe5+ Kxe5 62. Kg5 Kd5 63. Ra6 Nd4 64. Kxh4 Nf3+ 65. Kg4 Ne5+ 66.
Kf4 c4 67. Ke3 c3 68. Ra2 Bc5+ 69. Kf4 Nc6 70. Kg5 Ne7 71. h4 Kc4 72. h5 gxh5
73. Kxh5 Kb3 74. Re2 Nd5 75. Kg4 Be3 76. Re1 Bd2 77. Rb1+ Ka2 78. Rh1 c2 79.
Kf3 Nc3 0-1

[Event "World Chess Olympiad 2018"]
[Site "Batumi"]
[Date "2018.09.26"]
[Round "3.4"]
[White "Gong, Daniel Hanwen"]
[Black "Rayner, Francis"]
[Result "1-0"]
[ECO "B03"]
[WhiteElo "2276"]
[BlackElo "2347"]
[PlyCount "125"]
[EventDate "2018.??.??"]
[TimeControl "6000+1170"]
[WhiteClock "0:18:51"]
[BlackClock "0:14:28"]

1. e4 Nf6 2. e5 Nd5 3. d4 d6 4. c4 Nb6 5. exd6 exd6 6. Nc3 Nc6 7. h3 Be7 8. Nf3
O-O 9. Bd3 Nb4 10. Bb1 g6 11. a3 Nc6 12. b3 a5 13. Bd3 Bf6 14. Be3 a4 15. b4 d5
16. c5 Nc4 17. Bxc4 dxc4 18. O-O Bf5 19. Re1 Bd3 20. Rc1 Nxd4 21. Bh6 Nb3 22.
Bxf8 Nxc1 23. Qxc1 Kxf8 24. Ne4 Bg7 25. Qf4 Bxe4 26. Qxe4 c3 27. Qxb7 c2 28.
Qe4 c6 29. Qxc2 Qd5 30. Re3 Bf6 31. Rd3 Qf5 32. Qd1 Kg7 33. Rd6 Qe4 34. Nd2 Qf4
35. Nf3 Qe4 36. Rd3 Qc4 37. Rd7 Qb3 38. Qd3 Re8 39. Nd2 Re1+ 40. Kh2 Be5+ 41.
g3 Qxd3 42. Rxd3 Rd1 43. Kg2 Bb2 44. Kf3 Bxa3 45. Rxa3 Rxd2 46. Rxa4 Rb2 47.
Ra6 Rxb4 48. Rxc6 Rb2 49. Ke3 Rc2 50. Kf3 h5 51. h4 Kf8 52. Rc7 Kg7 53. c6 Kf6
54. Rc8 Ke7 55. c7 Rc6 56. Kf4 Kd7 57. Rf8 Rf6+ 58. Kg5 Rf5+ 59. Kh6 Kxc7 60.
Kg7 Kd6 61. Rxf7 Ke6 62. Rxf5 Kxf5 63. f4 1-0

[Event "Wolrd Chess Olympiad 2018"]
[Site "Batumi"]
[Date "2018.09.25"]
[Round "2.4"]
[White "Rayner, Francis"]
[Black "Sihlongonyane, Sikhanyiso"]
[Result "1/2-1/2"]
[ECO "B95"]
[WhiteElo "2347"]
[BlackElo "1408"]
[PlyCount "69"]
[EventDate "2018.??.??"]
[TimeControl "6000+765"]
[WhiteClock "0:22:52"]
[BlackClock "0:11:50"]

1. e4 c5 2. Nf3 d6 3. d4 cxd4 4. Nxd4 Nf6 5. Nc3 a6 6. Bg5 e6 7. Be2 Be7 8. Qd3
Nbd7 9. f4 Nc5 10. Qe3 d5 11. e5 Nfe4 12. Bxe7 Qxe7 13. Nxe4 Nxe4 14. O-O-O O-O
15. Bf3 Nc5 16. g4 Na4 17. f5 Bd7 18. Rhf1 Qb4 19. Qb3 Qxb3 20. axb3 Nb6 21.
Rfe1 Rac8 22. Be2 Rfe8 23. Bd3 Bc6 24. g5 exf5 25. Bxf5 Rc7 26. e6 Rce7 27.
exf7+ Kxf7 28. Rf1 Kg8 29. g6 h6 30. Bd3 a5 31. Nf5 Re6 32. Nd4 R6e7 33. Nf5
Re6 34. Nd4 R6e7 35. Nf5 1/2-1/2

[Event "World Chess Olympiad 2018"]
[Site "Batumi"]
[Date "2018.10.05"]
[Round "11.1"]
[White "Richmond, Jane"]
[Black "Vilhete, Vania Fausto Da T."]
[Result "1/2-1/2"]
[ECO "B23"]
[WhiteElo "2053"]
[BlackElo "1752"]
[PlyCount "116"]
[EventDate "2018.??.??"]
[TimeControl "6000+735"]
[WhiteClock "0:04:28"]
[BlackClock "0:13:04"]

1. e4 c5 2. Nc3 d6 3. g3 Nf6 4. Bg2 Nc6 5. d3 e6 6. f4 d5 7. e5 Nd7 8. Nf3 Be7
9. O-O a6 10. a4 O-O 11. Kh1 Rb8 12. d4 cxd4 13. Nxd4 Bc5 14. Nce2 Qc7 15. Be3
Nxd4 16. Bxd4 b6 17. Qd2 a5 18. Rf2 Ba6 19. Ng1 Rfc8 20. Nf3 Rb7 21. Re1 Qc6
22. f5 exf5 23. Ng5 h6 24. Nxf7 Nf8 25. Bxc5 Rxf7 26. Bxf8 Rcxf8 27. Bxd5 Qxa4
28. Rxf5 Bb7 29. Rxf7 Bxd5+ 30. Qxd5 Rxf7 31. e6 Re7 32. Qd6 Qb4 33. Qd8+ Kh7
34. Qd3+ Kg8 35. c3 Qc5 36. Qe4 Qf2 37. b3 Qf6 38. c4 Qf2 39. Rd1 Re8 40. Re1
Qf6 41. Kg2 Qb2+ 42. Re2 Qxb3 43. Qc6 Re7 44. Qa8+ Kh7 45. Qe4+ Kg8 46. Rd2 Qa4
47. Rd8+ Re8 48. Rd7 Qa2+ 49. Kh3 Qf2 50. e7 Qf1+ 51. Kg4 Qf6 52. h4 Kf7 53.
Qd5+ Qe6+ 54. Qxe6+ Kxe6 55. Rb7 Kf7 56. Rxb6 Rxe7 57. c5 Rc7 58. c6 Kf6
1/2-1/2

[Event "World Chess Olympiad 2018"]
[Site "Batumi"]
[Date "2018.10.03"]
[Round "9.1"]
[White "Gerasimova, Svetlana"]
[Black "Richmond, Jane"]
[Result "0-1"]
[ECO "C57"]
[WhiteElo "1966"]
[BlackElo "2053"]
[PlyCount "78"]
[EventDate "2018.??.??"]
[TimeControl "6000+1860"]
[WhiteClock "0:01:12"]
[BlackClock "0:03:32"]

1. e4 e5 2. Nf3 Nc6 3. Bc4 Nf6 4. Ng5 d5 5. exd5 b5 6. Bf1 h6 7. Nxf7 Kxf7 8.
dxc6 Bc5 9. Bxb5 Rf8 10. Bc4+ Kg6 11. d4 Bxd4 12. O-O Bxf2+ 13. Kh1 Qxd1 14.
Rxd1 Bf5 15. Nc3 Bb6 16. Na4 Bd4 17. c3 Bf2 18. Rf1 Ne4 19. Bd5 Rad8 20. c4 h5
21. b3 Bd4 22. Ba3 Bxa1 23. Bxf8 Bd4 24. Bxe4 Rxf8 25. h3 Rf6 26. Bxf5+ Rxf5
27. Rxf5 Kxf5 28. b4 h4 29. Kh2 Ke4 30. b5 Kd3 31. c5 e4 32. b6 axb6 33. cxb6
cxb6 34. g4 e3 35. Kg2 e2 36. c7 e1=Q 37. Nb2+ Bxb2 38. c8=Q Qe2+ 39. Kh1 Qf1+
0-1